Map: Torres Crepusculares

Players

TheZergLord - Winner!

  • Race: Zerg Zerg
  • League: Master

pugwalker

  • Race: Terran Terran
  • League: Master

VOD

https://www.youtube.com/watch?v=ODz2qvHRdN8

Description

Time

  • Played on: Feb. 25, 2016, 12:19 p.m.
  • Length: 14:59
Show
View Real Time Build Order
Export as new Build Order

TheZergLord Zerg - Winner!

Build Orders: Hatch First, Muta Ling Bane 

Get SALT Encoding   

  12  0:01  Drone  
  13  0:13  Overlord  
  13  0:18  Drone  
  14  0:32  Drone x2  
  14  0:35  Drone  
  17  0:53  Hatchery  
  17  0:55  Drone  
  17  1:08  Spawning Pool  
  16  1:12  Drone  
  16  1:15  Extractor  
  16  1:16  Drone  
  17  1:20  Drone  
  18  1:28  Drone  
  19  1:40  Overlord  
  19  1:55  Queen  
  19  1:56  Zergling x2  
  22  2:01  Zergling x2  
  22  2:05  Queen, Zergling x2  
  26  2:12  Drone  
  26  2:15  Metabolic Boost  
  27  2:17  Drone  
  29  2:22  Drone  
  29  2:27  Drone  
  29  2:42  Hatchery  
  28  2:46  Queen  
  28  2:51  Overlord  
  30  2:55  Drone  
  30  2:56  Drone  
  32  2:58  Drone  
  32  3:01  Drone  
  34  3:06  Drone x2  
  36  3:15  Overlord  
  36  3:18  Drone x3  
  36  3:19  Drone  
  40  3:22  Drone  
  40  3:25  Drone  
  40  3:26  Drone  
  43  3:28  Drone  
  44  3:40  Drone  
  45  3:43  Queen  
  45  3:44  Queen  
  49  3:51  Overlord x3  
  49  4:09  Spine Crawler, Queen  
  50  4:10  Drone x2  
  50  4:11  Drone  
  50  4:14  Drone x3  
  56  4:17  Drone x4  
  56  4:18  Drone  
  56  4:23  Queen  
  63  4:28  Lair  
  63  4:31  Spore Crawler  
  63  4:35  Spore Crawler  
  63  4:36  Spore Crawler  
  60  4:44  Zergling x6  
  60  4:45  Zergling x8  
  67  4:47  Drone  
  67  4:48  Drone  
  69  4:57  Drone x4  
  73  5:06  Drone x2  
  73  5:07  Drone x6  
  73  5:15  Spore Crawler  
  73  5:39  Drone  
  73  5:40  Drone x2  
  73  5:54  Baneling Nest, Evolution Chamber  
  73  5:57  Extractor, Evolution Chamber  
  70  5:58  Extractor  
  70  6:00  Hatchery, Extractor  
  70  6:01  Extractor  
  70  6:02  Extractor  
  63  6:07  Drone x5  
  63  6:08  Drone x5  
  73  6:12  Overlord x2  
  73  6:13  Overlord x3  
  73  6:19  Overlord x4  
  73  6:24  Zerg Melee Weapons Level 1, Zerg Ground Armor Level 1  
  72  6:32  Overseer  
  72  6:33  Drone x4  
  72  6:34  Drone  
  77  6:41  Spire, Drone x5  
  81  6:47  Zergling x2  
  81  6:49  Centrifical Hooks  
  81  6:53  Zergling x4  
  84  6:56  Drone x4  
  84  6:58  Baneling  
  84  6:59  Baneling x4  
  88  7:06  Drone x2  
  90  7:10  Drone  
  90  7:15  Hatchery  
  90  7:25  Queen  
  92  7:30  Drone  
  92  7:31  Drone x7  
  92  7:34  Zergling x4  
  92  7:35  Zergling x12  
  108  7:48  Overlord  
  108  7:56  Mutalisk  
  108  7:57  Mutalisk x8  
  125  7:59  Overseer  
  125  8:00  Pneumatized Carapace  
  125  8:02  Zergling x4  
  127  8:13  Zergling x14  
  127  8:17  Baneling x5  
  127  8:18  Baneling x6  
  134  8:23  Zergling x8  
  134  8:24  Zergling x12  
  144  8:27  Overlord  
  144  8:28  Overlord  
  141  8:46  Zerg Ground Armor Level 2, Zerg Melee Weapons Level 2  
  128  9:01  Zergling x22  
  128  9:02  Zergling x16  
  122  9:10  Drone  
  122  9:11  Queen  
  122  9:12  Queen, Infestation Pit  
  126  9:18  Baneling  
  126  9:19  Baneling x7  
  126  9:21  Drone  
  126  9:22  Drone x5  
  132  9:25  Extractor x2  
  132  9:27  Baneling  
  132  9:28  Baneling, Mutalisk x2  
  132  9:29  Mutalisk  
  136  9:34  Hatchery  
  135  9:52  Mutalisk x2  
  127  9:53  Mutalisk x2  
  127  9:55  Hive  
  127  9:58  Zergling x2  
  127  9:59  Zergling x30  
  151  10:08  Drone x4  
  155  10:17  Baneling x14  
  155  10:18  Baneling x4, Zergling x8  
  159  10:26  Overlord x2  
  159  10:34  Zergling x2  
  159  10:35  Zergling x18  
  169  10:49  Drone x3  
  175  10:50  Drone x3  
  175  10:54  Zergling x8  
  175  10:55  Zergling x12  
  186  11:09  Zerg Melee Weapons Level 3, Zerg Ground Armor Level 3, Adrenal Glands  
  186  11:10  Ultralisk Cavern  
  180  11:28  Hatchery  
  179  11:39  Zergling x2  
  180  11:40  Zergling x20  
  180  11:43  Overlord  
  180  11:44  Overlord x6  
  190  11:56  Chitinous Plating  
  190  11:57  Hatchery  
  189  12:03  Ultralisk  
  189  12:06  Pathogen Glands  
  195  12:12  Baneling  
  194  12:16  Ultralisk  
  188  13:47  Ultralisk x2  
  184  14:08  Ultralisk  
  184  14:09  Ultralisk x3  
  178  14:42  Zergling x2  
Show
View Real Time Build Order
Export as new Build Order

pugwalker Terran 

Build Orders: Reaper Expand, MMM Bio 

Get SALT Encoding   

  12  0:00  SCV  
  13  0:13  SCV  
  14  0:19  Supply Depot  
  14  0:25  SCV  
  15  0:41  SCV  
  16  0:45  Barracks  
  16  0:46  Refinery  
  16  0:53  SCV  
  17  1:05  SCV  
  18  1:17  SCV  
  19  1:32  Orbital Command  
  19  1:33  Reaper  
  20  1:41  Command Center  
  20  1:48  Supply Depot  
  20  1:58  SCV  
  21  2:05  Marine  
  22  2:10  Factory, SCV  
  22  2:15  Refinery  
  23  2:22  SCV  
  24  2:25  Barracks Reactor  
  24  2:34  SCV  
  25  2:46  SCV  
  26  2:55  Orbital Command  
  26  2:58  SCV, Starport  
  27  3:06  Widow Mine x2  
  27  3:07  Barracks Tech Lab  
  27  3:10  SCV  
  27  3:12  Supply Depot  
  32  3:22  SCV x2  
  32  3:25  Marine  
  35  3:34  Widow Mine, SCV  
  36  3:35  Widow Mine, SCV, Medivac  
  43  3:42  Supply Depot  
  43  3:46  SCV  
  43  3:47  SCV  
  45  3:50  Marine  
  46  3:58  SCV  
  46  3:59  Stimpack  
  48  4:02  SCV  
  48  4:13  Marine  
  48  4:15  SCV  
  50  4:17  Factory Reactor, Command Center  
  50  4:20  SCV  
  50  4:21  Barracks  
  50  4:23  Barracks  
  51  4:27  SCV  
  52  4:31  Supply Depot  
  52  4:32  Marine  
  52  4:34  Starport Reactor  
  52  4:35  SCV  
  54  4:39  Engineering Bay  
  54  4:41  Engineering Bay  
  54  4:45  SCV  
  55  4:50  SCV  
  56  4:57  SCV  
  57  5:01  Barracks x2  
  57  5:02  Factory Reactor  
  57  5:19  SCV x2, Marine  
  57  5:20  Marine x2  
  61  5:30  Orbital Command  
  61  5:31  SCV  
  61  5:32  Supply Depot  
  61  5:33  SCV  
  61  5:34  Refinery x2, Terran Infantry Weapons Level 1  
  61  5:35  Terran Infantry Armor Level 1  
  60  5:37  Marine x2  
  60  5:41  Marine x2  
  60  5:42  Marine  
  61  5:43  Widow Mine x2, SCV  
  61  5:45  SCV  
  61  5:47  Supply Depot  
  66  5:52  Barracks Reactor  
  66  5:53  Barracks Reactor  
  66  5:55  Marine x2  
  66  5:57  Supply Depot  
  67  5:59  Orbital Command  
  67  6:02  Medivac, Marine x3  
  67  6:03  SCV  
  73  6:08  Combat Shields  
  73  6:10  SCV  
  73  6:14  Marine  
  73  6:15  SCV, Widow Mine, Marine  
  78  6:23  SCV  
  78  6:24  SCV  
  80  6:27  SCV, Marine  
  80  6:28  Marine x3  
  85  6:35  SCV  
  85  6:37  SCV  
  85  6:39  SCV  
  88  6:42  Supply Depot, Marine  
  88  6:43  Marine  
  88  6:44  Supply Depot, Armory  
  90  6:47  SCV  
  91  6:54  Marine x3  
  91  6:55  Widow Mine x2, Marine x4  
  91  6:56  Medivac  
  91  6:58  SCV  
  91  6:59  Refinery  
  105  7:05  SCV x2, Marine x2  
  105  7:08  Supply Depot  
  107  7:12  Marine x2  
  107  7:13  Supply Depot  
  107  7:15  Supply Depot  
  109  7:25  Marine x3  
  109  7:26  Widow Mine x2, Medivac, Marine x4  
  109  7:27  SCV x2, Medivac  
  109  7:28  SCV  
  123  7:31  Refinery, Marine x2  
  125  7:37  Supply Depot  
  125  7:41  Missile Turret  
  125  7:43  Terran Infantry Weapons Level 2, Missile Turret, Marine  
  126  7:45  Terran Infantry Armor Level 2  
  126  8:02  Widow Mine x2, Marine x7  
  126  8:03  Medivac x2  
  141  8:11  Command Center  
  134  8:44  Marine x6  
  134  8:45  Widow Mine x2, Marine x3  
  134  8:46  Medivac x2  
  148  8:50  Barracks  
  148  8:52  Barracks  
  148  8:53  Barracks  
  123  9:08  Marine x4  
  115  9:12  Marine x5  
  115  9:13  SCV x2  
  122  9:21  Widow Mine x2  
  122  9:22  Medivac x2  
  130  9:25  SCV  
  130  9:26  Marine x4  
  130  9:30  Marine x3  
  139  9:31  SCV x2  
  140  9:41  Missile Turret  
  140  9:43  Missile Turret  
  129  9:53  Marine x4  
  129  9:54  Barracks Tech Lab x3, Marine  
  129  9:57  Widow Mine, Marine x4  
  129  9:58  Medivac x2  
  129  9:59  Planetary Fortress  
  139  10:01  Widow Mine  
  141  10:08  Terran Infantry Weapons Level 3  
  141  10:10  Terran Ship Weapons Level 1, Terran Infantry Armor Level 3  
  141  10:11  Marine  
  141  10:12  Starport  
  142  10:15  SCV x3  
  142  10:17  Supply Depot x2, Missile Turret, Fusion Core  
  142  10:19  Starport  
  142  10:21  Missile Turret x2  
  145  10:24  Marauder x3, Concussive Shells  
  145  10:25  Marine x2  
  145  10:28  SCV  
  154  10:31  Marine x4  
  158  10:35  Marine  
  158  10:37  Marauder  
  159  10:43  Liberator  
  159  10:45  Marauder  
  159  10:46  Marine x3  
  159  10:47  Liberator, Marauder x2, SCV x2  
  170  10:58  Marauder, Marine x4  
  170  11:03  Refinery x2  
  179  11:07  Starport Tech Lab, Marauder  
  179  11:08  Starport Reactor  
  182  11:27  Liberator  
  182  11:28  Marine x2  
  166  11:33  Marine x5  
  166  11:34  Marauder x2, Widow Mine, Marine  
  166  11:35  Marauder x2, Widow Mine  
  184  11:44  Ghost Academy, Command Center  
  184  11:45  Advanced Ballistics  
  184  11:46  Marine  
  188  11:51  Supply Depot  
  188  11:55  Liberator x2  
  188  12:07  Supply Depot, Marine  
  188  12:11  Liberator x2  
  196  12:20  Supply Depot  
  194  12:26  Personal Cloaking  
  194  12:27  Terran Ship Weapons Level 2  
  200  12:46  Barracks  
  200  12:47  Barracks  
  200  12:49  Barracks  
  200  12:51  Factory  
  186  13:40  Marine x3  
  186  13:41  Marine x3  
  195  13:52  Nuke  
  188  13:58  Marine x2  
  180  14:07  Marine  
  180  14:08  Marine x2  
  168  14:16  Marine  
  141  14:25  Marine x3  
  141  14:28  Barracks x3  
  141  14:29  Barracks  
  136  14:32  Barracks x2  
  136  14:34  Barracks, Marine  
Tags
 
Add a new tag
Caveats
  • Supply blocks, unpowered buildings, or Contaminate may cause inaccurate times.
  • Supply counts are checked every 10 seconds.